 Dungeon Crawl Stone Soup version 0.32-a0-128-g77eb882913 (webtiles) character file.

Game seed: 1434373240268387683

54 zeratav the Trooper (level 3, -2/26 HPs)
             Began as an Octopode Shapeshifter on Feb 8, 2024.
             Splashed by a jelly's acid (8 damage)
             ... on level 3 of the Dungeon.
             The game lasted 00:02:24 (1522 turns).

zeratav the Trooper (Octopode Shapeshifter)         Turns: 1522, Time: 00:02:24

Health: -2/26      AC: -3    Str: 15    XL:     3   Next: 91%
Magic:  3/3        EV: 13    Int: 12    God:
Gold:   94         SH:  0    Dex: 11    Spells: 2/2 levels left

rFire   . .          .
                       - Unarmed
rCold   . . .        (no shield)
rNeg    . . .        (helmet currently unavailable)
rPois   +            (no amulet)
rElec   .            i - ring of poison resistance
rCorr   .            (no ring)
SInv    .            (no ring)
Will    .....        (no ring)
Stlth   ++           (no ring)
HPRegen 0.24/turn    (no ring)
MPRegen 0.08/turn    (no ring)
                     (no ring)

%: no passive effects
@: beast-form, corroded
A: beast (slay +1), almost no armour, amphibious, 8 rings, camouflage 1,
gelatinous body 1, (nimble swimmer 1), tentacles
a: Begin Untransformation


You were on level 3 of the Dungeon.
You were a hulking beast.
You visited 1 branch of the dungeon, and saw 3 of its levels.

You collected 94 gold pieces.


Innate Abilities, Weirdness & Mutations

You are a hulking beast.
Your limbs bulge with bestial killing power. (Slay +1)
You cannot wear most types of armour.
You are amphibious.
You can wear up to eight rings at the same time.
Your skin changes colour to match your surroundings (Stealth+).
Your rubbery body absorbs attacks. (AC +1, EV +1)
((You are camouflaged when in or above water. (Stealth+)))
You have tentacles for arms and can constrict up to eight enemies at once.


   Skills:
 + Level 3.6 Fighting
 - Level 2.0 Dodging
 - Level 3.0 Unarmed Combat
 - Level 3.0 Shapeshifting


You had 2 spell levels left.
You didn't know any spells.
Your spell library contained the following spells:

 Spells                   Type           Power      Damage    Failure   Level
 Gell's Gravitas          Tloc           0%         N/A       69%         3
 Teleport Other           Tloc           0%         N/A       69%         3
 Cause Fear               Hex            0%         N/A       97%         4
 Fireball                 Conj/Fire      0%         3d3       100%        5
 Dispersal                Tloc           0%         N/A       100%        6
 Dragon's Call            Summ           0%         N/A       100%        9

Inventory:

Armour
 g - an orb of guile
   (You found it on level 1 of the Dungeon)
Jewellery
 i - a ring of poison resistance (left tentacle)
   (You found it on level 1 of the Dungeon)
Talismans
 b - a beast talisman (active)
 c - a flux talisman
 l - a storm talisman
   (You found it on level 2 of the Dungeon)
Scrolls
 d - a scroll of acquirement {unknown}
 e - a scroll of identify {unknown}
 h - 2 scrolls of vulnerability {unknown}
 k - a scroll of poison {unknown}
 n - a scroll of teleportation {unknown}
 o - a scroll of revelation {unknown}
Potions
 a - a potion of lignification {!q}
 f - 2 potions of haste {unknown}
 j - a potion of might {unknown}
 m - a potion of curing {unknown}

Dungeon Overview and Level Annotations

Branches:
Dungeon (3/15) Zot: 16482

Altars:

...# ##############
...###.....##.....#
...##..###..#.....#
...#..## ##.......#
.##..## ##......#
....## ##.....#
...## ##..### ..##
##.######### ..#
#.h...>.... ..#
#J###.####. #..
#..# # ##.. ...##
.. .... ...### .##


You could see a jelly.


Message History

No target in view!
No target in view!
No target in view!
No target in view!
No target in view!
No target in view!
A kobold comes into view. It is wielding a +0 club.
The kobold shouts!
HP[+5]
Your hp is fully restored (26).
A kobold is nearby!
The kobold hits you with a +0 club.
HP[-3]
You take 3 damage, and now have 23/26 hp.
You closely miss the kobold. Your grab misses the kobold.
The kobold barely misses you.
You tentacle-slap the kobold. Your grab misses the kobold.
The kobold hits you with a +0 club.
HP[-4]
You take 4 damage, and now have 19/26 hp.
You closely miss the kobold. Your grab misses the kobold.
You tentacle-slap the kobold.
You kill the kobold!
HP[+1] No target in view!
No target in view!
No target in view!
No target in view!
No target in view!
No target in view!
No target in view!
No target in view!
No target in view!
No target in view!
No target in view!
No target in view!
No target in view!
No target in view!
No target in view!
No target in view!
You see here a +0 leather armour.
o - a scroll labelled MAIFAU IVVIM HP[+6]
Your hp is fully restored (26).
You now have 94 gold pieces (gained 12).
An adder comes into view.
Found a stone staircase leading down.
A jelly and a frilled lizard come into view.
The adder hisses angrily.
The frilled lizard hisses angrily.
The adder closely misses you.
You closely miss the adder. You grab the adder.
You constrict the adder, but do no damage.
The adder bites you.
HP[-4]
You take 4 damage, and now have 22/26 hp.
You barely miss the adder. You squeeze the adder! You constrict the adder.
The adder bites you.
HP[-2]
You take 2 damage, and now have 20/26 hp.
You tentacle-slap the adder. You constrict the adder.
You kill the adder!
You barely miss the frilled lizard. Your grab misses the frilled lizard.
The frilled lizard misses you.
You bludgeon the frilled lizard!
You kill the frilled lizard!
No target in view!
No target in view!
No target in view!
No target in view!
No target in view!
No target in view!
No target in view!
No target in view!
No target in view!
No target in view!
No target in view!
No target in view!
No target in view!
No target in view!
No target in view!
No target in view!
No target in view!
A jelly is nearby!
HP[+1]
The jelly hits you.
You are splashed with acid!
* * * LOW HITPOINT WARNING * * *
HP[-9]
You take 9 damage, and now have 12/26 hp.
MASSIVE DAMAGE!! (PAUSE)
You tentacle-slap the jelly. The acid corrodes you!
Your tentacles burn!
* * * LOW HITPOINT WARNING * * *
You squeeze the jelly, but do no damage.
The jelly barely misses you.
HP[-3]
You take 3 damage, and now have 9/26 hp.
You completely miss the jelly. The jelly hits you.
* * * LOW HITPOINT WARNING * * *
You are splashed with acid!
You die...

Skill      XL: |  1  2  3 |
---------------+----------+-----
Fighting       | 2 3 |  3.6
Dodging        | |  2.0
Unarmed Combat | |  3.0
Shapeshifting  | |  3.0

Action                     || total
---------------------------++-------
  Melee: Unarmed           ||    70
         Constrict         ||    19
         Tentacles         ||    15
         Punch             ||     4
   Stab: Sleeping          ||     3
 Armour: Skin              ||    24
  Dodge: Dodged            ||    42
   Form: Beast             ||     1

Levels and vault maps discovered:
D:1:      ncdulo_smallfort, layout_basic, minmay_misc_feat_chi,
          minmay_split_cup_large
D:2:      layout_rooms, minivault_27, nicolae_figureground_pulse
D:3:      layout_loops_ring, nemelex_spade_bored_becter

Notes
Turn   | Place    | Note
-------+----------+-------------------------------------------
     0 | D:1      | zeratav the Octopode Shapeshifter began the quest for the
                  | Orb.
     0 | D:1      | Reached XP level 1. HP: 13/13 MP: 1/1
     0 | D:1      | magus.rc [v1.9.6]
   215 | D:1      | Reached skill level 2 in Fighting
   215 | D:1      | Reached XP level 2. HP: 16/19 MP: 2/2
   425 | D:1      | You add the spells Gell's Gravitas, Teleport Other and
                  | Dispersal to your library.
   829 | D:2      | Reached XP level 3. HP: 25/25 MP: 3/3
   880 | D:2      | Reached skill level 3 in Fighting
  1073 | D:2      | You pick up a book of the Dragon and begin reading...
  1073 | D:2      | You add the spells Cause Fear, Fireball and Dragon's Call
                  | to your library.
  1522 | D:3      | HP: 6/26 [jelly (3)]
  1522 | D:3      | Splashed by a jelly's acid

Vanquished Creatures
  An adder (D:3)
  2 dart slugs (D:2)
  A ribbon worm (D:2)
  9 ball pythons
  2 endoplasms (D:2)
  A giant cockroach (D:2)
  2 goblins
  2 hobgoblins
  2 kobolds
  4 quokkas
  3 bats
  5 frilled lizards
  5 rats
39 creatures vanquished.

Table legend:
 A = Non-vault XP
 B = Vault XP
 C = Vault XP percentage of total XP
 D = Non-vault monster count
 E = Vault monster count
 F = Vault count percentage of total count
                 A         B        C        D         E       F
            +---------+---------+-------+---------+---------+-------
      Total |      73 |       5 |   6.4 |      35 |       4 |  10.3
            +---------+---------+-------+---------+---------+-------
        D:1 |       5 |       5 |  50.0 |       3 |       4 |  57.1
        D:2 |      47 |       0 |   0.0 |      26 |       0 |   0.0
        D:3 |      21 |       0 |   0.0 |       6 |       0 |   0.0
            +---------+---------+-------+---------+---------+-------

Skill      XL: |  1  2  3 |
---------------+----------+-----
Fighting       | 2 3 |  3.6
Dodging        | |  2.0
Unarmed Combat | |  3.0
Shapeshifting  | |  3.0

Action                     || total
---------------------------++-------
  Melee: Unarmed           ||    70
         Constrict         ||    19
         Tentacles         ||    15
         Punch             ||     4
   Stab: Sleeping          ||     3
 Armour: Skin              ||    24
  Dodge: Dodged            ||    42
   Form: Beast             ||     1

Illustrated notes

Table legend:
 A = Kills in this place as a percentage of kills in the entire game.
 B = Kills by you in this place as a percentage of kills by you in the entire game.
 C = Kills by friends in this place as a percentage of kills by friends in the entire game.
 D = Other kills in this place as a percentage of other kills in the entire game.
 E = Experience gained in this place as a percentage of experience gained in the entire game.
 F = Experience gained in this place divided by the number of levels of this place that you have seen.
                   A       B       C       D       E      F
               +-------+-------+-------+-------+-------+----------------------
         Total | 100.0 | 100.0 |   N/A |   N/A | 100.0 |  26.0
       Dungeon | 100.0 | 100.0 |   N/A |   N/A | 100.0 |  26.0
               +-------+-------+-------+-------+-------+----------------------

Table legend: (Time is in decaauts)
 A = Elapsed time spent in this place.
 B = Non-inter-level travel time spent in this place.
 C = Inter-level travel time spent in this place.
 D = Time resting spent in this place.
 E = Time spent auto-exploring this place.
 F = Levels seen in this place.
 G = Mean time per level.
                   A        B        C        D        E       F      G
               +--------+--------+--------+--------+--------+-----+--------+
         Total |   1516 |   1482 |     34 |     35 |   1234 |   3 |  505.3 |
       Dungeon |   1516 |   1482 |     34 |     35 |   1234 |   3 |  505.3 |
               +--------+--------+--------+--------+--------+-----+--------+

Top non-repeatable levels by time:
     D:1: 690 daAuts
     D:2: 675 daAuts
     D:3: 150 daAuts
